 Dungeon Crawl Stone Soup version 0.31-a0-986-g5e6e4ef867 (webtiles) character file.

Game seed: 10599025361374602502

424 jasper the Trooper (level 7, 0/58 HPs)
             Began as a Human Wanderer on Nov 10, 2023.
             Was a Follower of Cheibriados.
             Slain by a two-headed ogre
             ... wielding a +0 giant club
              (14 damage)
             ... on level 5 of the Dungeon.
             The game lasted 00:07:08 (4533 turns).

jasper the Trooper (Human Wanderer)                 Turns: 4533, Time: 00:07:08

Health: 0/58       AC:  9    Str: 15    XL:     7   Next: 17%
Magic:  8/8        EV:  9    Int: 19    God:    Cheibriados [*.....]
Gold:   87         SH:  0    Dex: 14    Spells: 8/8 levels left

rFire   . . .        q - +2 war axe (venom)
rCold   . . .        (no shield)
rNeg    . . .        b - +1 scale mail
rPois   .            (no helmet)
rElec   .            n - +0 cloak
rCorr   .            (no gloves)
SInv    .            (no boots)
Will    .....        (no amulet) Stlth
                     (no ring)
HPRegen 0.29/turn    (no ring)
MPRegen 0.11/turn

%: no passive effects
@: very slow
A: no striking features
a: Renounce Religion, Bend Time


You were on level 5 of the Dungeon.
You worshipped Cheibriados.
Cheibriados was aware of your devotion.
You visited 1 branch of the dungeon, and saw 6 of its levels.

You collected 255 gold pieces.
You spent 168 gold pieces at shops.

Inventory:

Hand Weapons
 a - a +2 falchion
 p - a +1 short sword of holy wrath
 q - a +2 war axe of venom (weapon)
 u - a +0 arbalest
 B - a +2 dagger of venom
Missiles
 j - 5 javelins
 k - 40 stones
 m - 6 poisoned darts
 y - a throwing net
Armour
 b - a +1 scale mail (worn)
 g - a +0 ring mail
 h - the +7 crystal plate armour of the Enchanted Forest {Drain Int+5 Stlth+}
   (You acquired it on level 3 of the Dungeon)

   Int+5:     It affects your intelligence (+5).
   Drain:     It drains your maximum health when unequipped.
   Stlth+:    It makes you more stealthy.
 n - a +0 cloak (worn)
Magical Staves
 l - a staff of earth
Scrolls
 i - a scroll of revelation
 o - 2 scrolls of teleportation
 r - 2 scrolls of vulnerability {unknown}
 s - a scroll of fear
 x - a scroll of blinking
 z - a scroll of fog
 D - a scroll of silence
Potions
 c - a potion of attraction
 d - a potion of invisibility
 e - 3 potions of brilliance
 f - a potion of haste {unknown}
 t - a potion of heal wounds {unknown}
 v - a potion of magic {unknown}
 w - 2 potions of curing
 A - a potion of mutation {unknown}
 C - a potion of might


   Skills:
 + Level 6.2 Fighting
 - Level 4.0 Long Blades
 + Level 3.3 Armour
 - Level 1.0 Spellcasting
 - Level 3.0 Transmutations


You had 8 spell levels left.
You didn't know any spells.
Your spell library contained the following spells:

 Spells                   Type           Power      Damage    Failure   Level
 Wereblood                Tmut           12%        N/A       30%         2
 Passwall                 Tmut/Erth      5%         N/A       50%         2


Dungeon Overview and Level Annotations

Branches:
Dungeon (6/15)             Temple (0/1) D:4

Altars:
Cheibriados
Okawaru
Trog
Uskayaw

Shops:
D:2 ![[   D:4 [!=?(


Message History

Key pressed, stopping explore.
There is an open door here.
A hound comes into view.
The hound barks!
A hound is nearby!
You miss the hound. The hound barely misses you. The hound bites you.
You take 2 damage, and have 56/58 hp.
You hit the hound.
The hound is poisoned.
The hound is lightly wounded.
The hound closely misses you. The hound bites you but does no damage.
You miss the hound.
The hound is lightly wounded.
The hound bites you but does no damage. x3
You slash the hound!
You kill the hound!
Cheibriados appreciates the change of pace.
You see here a hound corpse.
Health restored: 58
There is an open door here.
A two-headed ogre comes into view. It is wielding two +0 giant clubs.
The two-headed ogre shouts in stereo!
You hear a bark!
A hound comes into view.
There are monsters nearby!
The hound bites you but does no damage. The hound bites you but does no damage.
The hound barely misses you. x2
The hound attacks as it pursues you! The hound barely misses you.
The hound closely misses you.
You barely miss the hound. The hound bites you but does no damage.
You hit the two-headed ogre.
The two-headed ogre is poisoned.
The two-headed ogre is lightly wounded.
The two-headed ogre hits you with a +0 giant club! x2
You take 24 damage, and have 34/58 hp.
MASSIVE DAMAGE!!
You hit the two-headed ogre but do no damage.
The two-headed ogre looks as sick as possible!
The two-headed ogre is lightly wounded.
The two-headed ogre hits you with a +0 giant club!!
* * * LOW HITPOINT WARNING * * *
The two-headed ogre hits you with a +0 giant club!
You die...

######### ###### ###### #
#.......#####....# #....# #
#...........#....### #....# #
#...........#......###....####
#...........#.................
#######.....#.#...)###....####
#.....#@#....###....# #
#†#'###O#....##.....####
#.#....h#....##.........
#....#.###.#########...#.....
#....#.##..# #...#.....
#....#.....# #...#.<...
#..........# #...#.....
#....#..>......... #...#.....
#......#....##.... #####..))#


You could see a two-headed ogre (extremely poisoned) and a hound.

Vanquished Creatures
  A black bear (D:6)
  Blork the orc (D:5)
  A hound (D:5)
  Natasha (twice) (D:3)
  An orc wizard (D:5)
  A mummy (D:5)
  4 adders
  A shadow imp (D:5)
  A white imp (D:5)
  2 worms
  5 dart slugs
  8 orcs
  3 bats
  7 endoplasms
  4 giant cockroaches
  8 goblins
  9 hobgoblins
  7 jackals
  2 quokkas (D:1)
  5 ball pythons
  3 frilled lizards
  7 kobolds
  4 rats
87 creatures vanquished.

Notes
Turn   | Place    | Note
-------+----------+-------------------------------------------
     0 | D:1      | jasper the Human Wanderer began the quest for the Orb.
     0 | D:1      | jasper set off with the following items: a +2 falchion, a
                  | +0 scale mail, a potion of attraction; and the following
                  | spells available to memorise: Wereblood, Passwall.
     0 | D:1      | Reached XP level 1. HP: 13/13 MP: 2/2
    77 | D:1      | Reached skill level 1 in Fighting
   157 | D:1      | Reached XP level 2. HP: 21/21 MP: 3/3
   316 | D:1      | Reached skill level 2 in Fighting
   702 | D:1      | Reached XP level 3. HP: 28/28 MP: 4/4
   883 | D:2      | Found Siosmem's Armour Emporium.
   939 | D:2      | Reached skill level 3 in Fighting
  1137 | D:2      | Found Qasamus's Antique Armour Shoppe.
  1162 | D:2      | Reached XP level 4. HP: 35/35 MP: 5/5
  1182 | D:2      | Found a bloodstained altar of Trog.
  1212 | D:2      | Found Rote Heu's Distillery.
  1224 | D:2      | Bought a potion of might for 48 gold pieces
  1602 | D:3      | Identified a scroll of acquirement
  1602 | D:3      | Acquired the +7 crystal plate armour of the Enchanted
                  | Forest {Drain Int+5 Stlth+}
  1750 | D:3      | Reached skill level 4 in Fighting
  1981 | D:3      | Reached XP level 5. HP: 23/42 MP: 6/6
  2090 | D:3      | You fall into a shaft and drop 3 floors!
  2138 | D:6      | Noticed a black bear
  2151 | D:6      | Killed a black bear
  2152 | D:6      | Reached skill level 5 in Fighting
  2230 | D:5      | Entered Level 5 of the Dungeon
  2342 | D:5      | Found a snail-covered altar of Cheibriados.
  2351 | D:5      | Reached XP level 6. HP: 38/51 MP: 7/7
  2355 | D:5      | Became a worshipper of Cheibriados the Contemplative
  2425 | D:5      | Noticed a black bear
  2644 | D:4      | Found a staircase to the Ecumenical Temple.
  2668 | D:4      | Found Ataa's Jewellery Shoppe.
  2843 | D:4      | Found Oddaemp's Magic Scroll Boutique.
  2854 | D:4      | Bought a scroll of teleportation for 42 gold pieces
  2881 | D:4      | Found Upibb's Weapon Shoppe.
  2889 | D:4      | Bought a throwing net for 39 gold pieces
  3084 | D:4      | Found an iron altar of Okawaru.
  3246 | D:4      | Found Tulag's Distillery.
  3250 | D:4      | Found Coqoz's Antique Armour Boutique.
  3252 | D:4      | Bought a potion of curing for 39 gold pieces
  3545 | D:3      | Noticed a +0 short sword
  3545 | D:3      | Noticed a +0 falchion
  3546 | D:3      | Noticed a +0 spear
  3546 | D:3      | Noticed a +0 falchion
  3546 | D:3      | Noticed a +0 spear
  3547 | D:3      | Noticed a +0 dagger
  3548 | D:3      | Noticed a +0 dagger
  3548 | D:3      | Noticed a +0 short sword
  3550 | D:3      | Found a hide-covered altar of Uskayaw.
  3580 | D:3      | Noticed Natasha
  3585 | D:3      | Killed Natasha
  3585 | D:3      | Reached * piety under Cheibriados
  3641 | D:3      | Noticed Natasha
  3650 | D:3      | Killed Natasha
  4004 | D:5      | Noticed Blork the orc
  4016 | D:5      | Killed Blork the orc
  4017 | D:5      | Reached skill level 6 in Fighting
  4280 | D:5      | Reached XP level 7. HP: 57/58 MP: 8/8
  4524 | D:5      | Noticed a two-headed ogre
  4533 | D:5      | Slain by a two-headed ogre

Illustrated notes

Levels and vault maps discovered:
D:1:      orjb1_lava_funnel, layout_basic
D:2:      layout_rooms, serial_shops, nicolae_shop_tiny_statue_garden,
          nicolae_shop_tiny_glass, shop, basic_altar, serial_park_tiny_2,
          kennysheep_generic_room_11
D:3:      corexii_shack_village, layout_basic, nicolae_uskayaw_en_pointe,
          uniq_natasha
D:4:      layout_gridville, hellmonk_okawaru_the_only_friend_you_need,
          minmay_temple_entry_sparse_star, serial_shops, shop_statue,
          nicolae_shop_bloodbath_and_beyond, nicolae_shop_window_shopping,
          nicolae_shop_statue_plus, shop_statue
D:5:      layout_basic, slow_altar_1, nicolae_tso_besieged_by_evil,
          cheibrodos_sewer_entry_bend, uniq_blork_the_orc
D:6:      minmay_chambers_of_sixes, layout_layer_cave,
          mainiacjoe_overflow_chevrons, hangedman_decor_riveting,
          minmay_misc_feat_square, dreamdust_gnoll_farm

Skill      XL: |  1  2  3  4  5  6 |
---------------+-------------------+-----
Fighting       | 1 2 3 4 5 6 |  6.2
Armour         | 3 |  3.3
Long Blades    | |  4.0
Spellcasting   | |  1.0
Transmutations | |  3.0

Action                     |  1- 3 |  4- 6 |  7- 9 || total
---------------------------+-------+-------+-------++-------
  Melee: Falchion          |   114 |   118 |       ||   232
         Dagger            |       |    53 |       ||    53
         War axe           |       |     3 |    16 ||    19
         Punch             |       |     3 |       ||     3
    Use: Scroll            |       |    12 |       ||    12
         Potion            |       |     2 |       ||     2
 Armour: Scale mail        |     8 |    64 |    26 ||    98
         Ring mail         |    69 |    56 |       ||   125
  Dodge: Dodged            |    78 |    76 |    10 ||   164

Table legend: (Time is in decaauts)
 A = Elapsed time spent in this place.
 B = Non-inter-level travel time spent in this place.
 C = Inter-level travel time spent in this place.
 D = Time resting spent in this place.
 E = Time spent auto-exploring this place.
 F = Levels seen in this place.
 G = Mean time per level.
                   A        B        C        D        E       F      G
               +--------+--------+--------+--------+--------+-----+--------+
         Total |   5013 |   4880 |    133 |    382 |   3520 |   6 |  835.5 |
       Dungeon |   5013 |   4880 |    133 |    382 |   3520 |   6 |  835.5 |
               +--------+--------+--------+--------+--------+-----+--------+

Top non-repeatable levels by time:
     D:3: 1347 daAuts
     D:5: 1016 daAuts
     D:4: 975 daAuts
     D:1: 835 daAuts
     D:2: 697 daAuts
     D:6: 140 daAuts
